 Dungeon Crawl Stone Soup version 0.31-a0-983-g7b6862f502 (webtiles) character file.

Game seed: 3740008342082206330

23146 gelatine the Grappler (level 12, -2/115 HPs)
             Began as a Troll Shapeshifter on Nov 2, 2023.
             Slain by a wolf (5 damage)
             ... on level 2 of the Lair of Beasts.
             The game lasted 00:40:48 (10998 turns).

gelatine the Grappler (Troll Shapeshifter)         Turns: 10998, Time: 00:40:50

Health: -2/115     AC: 11    Str: 29    XL:     12   Next: 69%
Magic:  17/17      EV: 16    Int: 13    God:
Gold:   820        SH:  0    Dex:  9    Spells: 19/19 levels left

rFire   . .          .
                       - Unarmed
rCold   . . .        (shield currently unavailable)
rNeg    + . .        T - +7 toga "Victory" {*Victory Int+7 Slay+7 Clar}
rPois   +            (helmet restricted)
rElec   .            (no cloak)
rCorr   .            (gloves unavailable)
SInv    +            (boots unavailable)
Will    .....        C - amulet of the acrobat
Stlth   +            V - ring of see invisible
HPRegen 1.19/turn    g - ring "Loh Orax" {rPois rN+ EV+5}
MPRegen 0.15/turn

%: acrobat, clarity
@: flux-form, glowing
A: glow, contaminating, large, unfitting armour, claws 3, regeneration 1, shaggy
fur 1, tough skin 1
a: Begin Untransformation


You were on level 2 of the Lair of Beasts.
You were something dangerously unstable.
You visited 3 branches of the dungeon, and saw 14 of its levels.
You also visited: Bailey.

You collected 908 gold pieces.
You spent 88 gold pieces at shops.

Inventory:

Missiles
 e - 42 stones
 l - 8 poisoned darts
 z - 2 throwing nets
 E - 7 boomerangs (quivered)
 R - 2 silver javelins
 W - 3 curare-tipped darts
Armour
 f - a +2 hat
 B - the +0 robe "Piarch" {rElec}
   (You found it on level 4 of the Dungeon)

   rElec:     It insulates you from electricity.
 D - the +0 robe of Pragmatism {rC++ rN+}
   (You found it on level 4 of the Dungeon)

   rC++:      It greatly protects you from cold.
   rN+:       It protects you from negative energy.
 K - +1 steam dragon scales
 O - a +0 robe of positive energy
 P - a +0 troll leather armour
 Q - a scarf of invisibility
 T - the +7 toga "Victory" (worn) {*Victory Int+7 Slay+7 Clar}
   (You found it on level 10 of the Dungeon)

   *Victory:  When the wearer kills a threatening monster, it has a chance to
   gain +1 AC, +1 Slay, and +1 Int, capping at +7.
   When the wearer uses a scroll or a potion with a hostile monster in sight,
   its bonuses reset to +0.
   Unequipping it also resets its bonuses to +0.
   Int+7:     It affects your intelligence (+7).
   Slay+7:    It affects your accuracy & damage with ranged weapons and melee
   (+7).
   Clar:      It protects you from confusion, rage, mesmerisation and fear.
Jewellery
 g - the ring "Loh Orax" (right claw) {rPois rN+ EV+5}
   (You acquired it on level 6 of the Dungeon)

   [ring of evasion]

   EV+5:      It affects your evasion (+5).
   rPois:     It protects you from poison rN+: It protects you from negative
   energy.
 n - a ring of flight
 C - an amulet of the acrobat (around neck)
 G - a ring of wizardry
 M - a ring of resist corrosion
 V - a ring of see invisible (left claw)
Talismans
 c - a beast talisman
 d - a flux talisman (active)
 r - a blade talisman
 A - a maw talisman
Wands
 y - a wand of flame (2)
 H - a wand of mindburst (33)
 I - a wand of polymorph (14)
 N - a wand of charming (18)
 Y - a wand of roots (5)
 Z - a wand of digging (6)
Scrolls
 a - a scroll of silence
 h - 6 scrolls of fog
 i - 2 scrolls of enchant weapon
 j - a scroll of torment
 m - a scroll of fear
 o - 3 scrolls of poison
 q - a scroll of teleportation
 x - 3 scrolls of enchant armour
 F - a scroll of identify
 J - a scroll of summoning
 L - 2 scrolls of brand weapon
 U - a scroll of immolation
Potions
 b - 4 potions of lignification
 k - 2 potions of invisibility
 p - 2 potions of magic
 s - 3 potions of brilliance
 t - 2 potions of ambrosia
 u - 2 potions of haste
 v - 6 potions of curing
 w - a potion of cancellation
 S - 3 potions of might
 X - a potion of heal wounds


   Skills:
 * Level 6.7 Fighting
 + Level 5.0 Throwing
 + Level 2.1 Armour
 + Level 6.6 Dodging
 + Level 1.8 Stealth
 + Level 12.8 Unarmed Combat
 * Level 4.3 Spellcasting
 + Level 2.2 Evocations
 * Level 8.7 Shapeshifting


You had 19 spell levels left.
You didn't know any spells.
Your spell library contained the following spells:

 Spells                   Type           Power      Damage    Failure   Level
 Ensorcelled Hibernation  Hex/Ice        4%         N/A       30%         2
 Sublimation of Blood     Necr           2%         N/A       30%         2
 Dazzling Flash           Conj/Hex       4%         N/A       52%         3
 Olgreb's Toxic Radiance  Pois           2%         N/A       89%         4
 Petrify                  Tmut/Erth      2%         N/A       89%         4
 Vhi's Electric Charge    Tloc/Air       4%         N/A       89%         4
 Arcjolt                  Conj/Air       1%         1d11      99%         5
 Irradiate                Conj/Tmut      1%         3d12      99%         5
 Plasma Beam              Fire/Air       1%         2x1d11    100%        6
 Discord                  Hex            1%         N/A       100%        8
 Ignition                 Fire           1%         3d3       100%        8


Dungeon Overview and Level Annotations

Branches:
Dungeon (11/15)            Temple (1/1) D:6            Lair (2/5) D:11
 Shoals (0/4) Lair:2       Bailey (visited)
  Snake: Lair:2-3    Spider: Lair:2-3       Orc: D:9-12

Altars:
Ashenzari
Cheibriados
Dithmenos
Elyvilon
Fedhas
Gozag
Hepliaklqana
Kikubaaqudgha
Makhleb
Nemelex Xobeh
Okawaru
Qazlal
Ru
Sif Muna
Trog
Vehumet
Wu Jian
Xom
Yredelemnul
Zin
The Shining One

Shops:
D:5 [[!=!   D:7 **   D:9 (

Annotations:
D:10 1 runed translucent door
Lair:2 Nergalle


Innate Abilities, Weirdness & Mutations

You are something dangerously unstable.
You glow with magical radiation, making you easy to see and hit.
Foes you strike become dangerously contaminated with magical radiation.
You are incapable of wielding weapons or throwing items.
You are too large for most types of armour.
You have claws for hands.
Your natural rate of healing is unusually fast.
You are covered in fur. (AC +1)
You have tough skin. (AC +1)


Message History

The wolf bites you but does no damage. The wolf barely misses you.
The blink frog hits you.
You claw the wolf!
You kill the wolf!
The wolf misses you.
A blink frog comes into view.
The blink frog blinks!
The wolf barely misses you.
A wolf comes into view.
The blink frog gives a loud, deep croak!
The wolf howls!
You scratch the wolf.
The wolf begins to glow.
The wolf is lightly wounded.
You hear a shout!
You hear a bellow! x2
The wolf closely misses you.
A blink frog comes into view.
The blink frog gives a loud, deep croak!
You barely miss the blink frog.
The blink frog is moderately wounded.
You hear a loud, deep croak!
The wolf bites you.
The blink frog blinks!
The blink frog closely misses you. The komodo dragon bites you!!
Something unseen opens the door.
You mangle the blink frog!!
The blink frog glows dangerously bright.
The blink frog is almost dead.
The wolf bites you. The blink frog completely misses you.
Nergalle the Soulbinder comes into view.
She is wielding a +0 dagger.
The komodo dragon bites you!!
* * * LOW HITPOINT WARNING * * *
You claw the blink frog!
You kill the blink frog!
The wolf barely misses you.
The blink frog blinks!
A blink frog comes into view.
The wolf closely misses you.
You claw the wolf!
The wolf glows dangerously bright.
The wolf is severely wounded.
A blink frog comes into view.
The komodo dragon bites you!!
* * * LOW HITPOINT WARNING * * *
The wolf bites you.
You die...

### ### ###.###.## #####
#####PP..#.#.#####.#..#.
........................
................####.#..
......hp......### #..
.....hl$†.....#### ##..
F..F.............####...
...##....#..............
.o....#.................
'.l..##.⌠.+....#.##.....
...F. ...##....†..†...+#
##..#....#.....#.....#..
.......##.....†.....#..


You could see Nergalle, a komodo dragon, 3 blink frogs and 2 wolves.

Vanquished Creatures
  Erolcha (D:9)
  Harold (D:9)
  2 two-headed ogres
  A hydra (D:10)
  2 manticores (Lair:2)
  2 black mambas
  A gargoyle (D:11)
  5 cane toads
  Psyche (D:9)
  4 komodo dragons
  2 trolls
  5 blink frogs (Lair:2)
  A vampire (D:11)
  37 yaks
  5 basilisks
  Eustachio (D:6)
  4 steam dragons
  12 vampire mosquitoes
  A water moccasin (Lair:2)
  Duvessa (D:5)
  3 ice beasts
  2 sky beasts
  3 black bears
  A hornet zombie (D:5)
  8 orc warriors
  3 ogres
  3 wolves (Lair:2)
  A centaur (D:9)
  A phantom (D:5)
  Blork the orc (D:4)
  3 bullfrogs
  A gnoll sergeant (D:6)
  A necrophage (D:5)
  3 scorpions
  19 wights
  A water moccasin zombie (D:5)
  Dowan (D:5)
  9 killer bees
  2 electric eels (D:11)
  5 howler monkeys
  2 jellies (D:4)
  5 hounds
  A human zombie (D:5)
  11 orc priests
  A gnoll bouda (D:9)
  6 iguanas
  Natasha (thrice) (D:2)
  9 orc wizards
  A hound zombie (D:5)
  3 mummies (D:5)
  Robin (D:2)
  12 gnolls
  A howler monkey zombie (D:5)
  13 adders
  A shadow imp (D:8)
  3 white imps
  4 ufetubi
  A worm (D:3)
  44 orcs
  3 ball pythons
  8 endoplasms
  2 giant cockroaches (D:2)
  15 goblins
  11 hobgoblins
  5 jackals
  6 quokkas
  A bat (D:2)
  5 frilled lizards
  6 kobolds
  5 rats
349 creatures vanquished.

Vanquished Creatures (others)
  A gnoll (D:6)
1 creature vanquished.

Grand Total: 350 creatures vanquished

Notes
Turn   | Place    | Note
-------+----------+-------------------------------------------
     0 | D:1      | gelatine the Troll Shapeshifter began the quest for the
                  | Orb.
     0 | D:1      | Reached XP level 1. HP: 18/18 MP: 0/0
   140 | D:1      | Reached XP level 2. HP: 24/26 MP: 1/1
   515 | D:2      | Reached XP level 3. HP: 32/32 MP: 2/2
   532 | D:2      | Noticed Natasha
   538 | D:2      | Killed Natasha
   539 | D:2      | Reached skill level 1 in Fighting
   580 | D:2      | Reached skill level 4 in Unarmed Combat
   583 | D:2      | Noticed Natasha
   590 | D:2      | Killed Natasha
   591 | D:2      | Reached XP level 4. HP: 40/41 MP: 3/3
   659 | D:2      | Noticed Natasha
   673 | D:2      | Killed Natasha
   692 | D:2      | Found a faded altar of an unknown god.
   739 | D:2      | Found an ornate altar of the Wu Jian Council.
   740 | D:2      | Noticed Robin
   763 | D:2      | Reached XP level 5. HP: 22/48 MP: 4/4
   770 | D:2      | Killed Robin
  1761 | D:4      | Identified the of Feletor
  1873 | D:4      | Noticed Blork the orc
  1881 | D:4      | Killed Blork the orc
  1882 | D:4      | Reached skill level 5 in Unarmed Combat
  1882 | D:4      | Reached XP level 6. HP: 51/57 MP: 5/5
  2080 | D:4      | Noticed a sky beast
  2096 | D:4      | Killed a sky beast
  2197 | D:4      | Reached XP level 7. HP: 66/66 MP: 6/6
  2257 | D:4      | Identified the +0 robe "Piarch" {rElec}
  2327 | D:4      | Reached skill level 1 in Evocations
  2329 | D:4      | Identified the +0 robe of Pragmatism {rC++ rN+}
  2569 | D:5      | Entered Level 5 of the Dungeon
  2623 | D:5      | Found a white marble altar of Elyvilon.
  2644 | D:5      | Reached skill level 6 in Unarmed Combat
  2705 | D:5      | Found Kuloycwe's Armour Boutique.
  2956 | D:5      | Reached XP level 8. HP: 58/75 MP: 7/7
  2976 | D:5      | Found Vagro Elal's Jewellery Emporium.
  2994 | D:5      | Noticed Duvessa
  2994 | D:5      | Noticed Dowan
  3000 | D:5      | Killed Duvessa
  3002 | D:5      | Killed Dowan
  3111 | D:5      | Found Nuyneriuxt's Distillery.
  3115 | D:5      | Bought a potion of curing for 33 gold pieces
  3115 | D:5      | Bought a potion of heal wounds for 55 gold pieces
  3150 | D:5      | Found Nass's Distillery.
  3189 | D:5      | Reached skill level 7 in Unarmed Combat
  3213 | D:5      | Found an ancient bone altar of Kikubaaqudgha.
  3221 | D:5      | Reached skill level 1 in Stealth
  3254 | D:5      | Reached skill level 5 in Shapeshifting
  3555 | D:5      | Found Gyqieg's Antique Armour Shop.
  3583 | D:5      | Reached XP level 9. HP: 79/84 MP: 8/8
  3633 | D:6      | Identified a scroll of acquirement
  3658 | D:6      | Reached skill level 8 in Unarmed Combat
  3757 | D:6      | Noticed Eustachio
  3776 | D:6      | Killed Eustachio
  4000 | D:6      | Reached skill level 1 in Throwing
  4044 | D:6      | Found a large runed translucent door.
  4044 | D:6      | Found a large runed translucent door.
  4245 | D:6      | Found a staircase to the Ecumenical Temple.
  4252 | Temple   | Entered the Ecumenical Temple
  4670 | D:6      | Reached skill level 1 in Spellcasting
  4733 | D:6      | Found a blossoming altar of Fedhas.
  4741 | D:6      | Found a shimmering altar of Xom.
  4796 | D:7      | Found Zykkat's General Store.
  4944 | D:7      | Found a flagged portal.
  4953 | Bailey   | Entered a bailey
  5054 | Bailey   | Reached skill level 9 in Unarmed Combat
  5128 | Bailey   | Identified the +1 pair of gloves of the Skies Above {rF+
                  | rCorr Int+3}
  5290 | D:7      | Reached XP level 10. HP: 94/94 MP: 11/11
  5293 | D:7      | Found a shimmering blue altar of Sif Muna.
  5303 | D:7      | Found Moacs's Mail-Order Catalogue.
  5776 | D:7      | Acquired the ring "Loh Orax" {rPois rN+ EV+5}
  6040 | D:8      | Noticed a two-headed ogre
  6049 | D:8      | Killed a two-headed ogre
  6050 | D:8      | Reached skill level 5 in Dodging
  6070 | D:8      | Found an opulent altar of Gozag.
  6171 | D:8      | Reached skill level 5 in Fighting
  6568 | D:9      | Found Hausonn's Antique Weapon Emporium.
  6600 | D:9      | Noticed Erolcha
  6617 | D:9      | Killed Erolcha
  6618 | D:9      | Reached skill level 10 in Unarmed Combat
  6773 | D:9      | Noticed Harold
  6838 | D:9      | Killed Harold
  6842 | D:9      | Reached skill level 1 in Armour
  6882 | D:9      | Reached XP level 11. HP: 84/104 MP: 14/14
  6977 | D:9      | Found a stormy altar of Qazlal.
  7391 | D:9      | Noticed Psyche
  7401 | D:9      | Killed Psyche
  7465 | D:10     | Identified the of Zootsoxo
  7465 | D:10     | Entered Level 10 of the Dungeon
  7600 | D:10     | Noticed a two-headed ogre
  7606 | D:10     | Killed a two-headed ogre
  7619 | D:10     | Found the +0 toga "Victory" {*Victory Clar}
  7708 | D:10     | Found a runed translucent door.
  7708 | D:10     | Noticed a seven-headed hydra
  7713 | D:10     | HP: 4/105 [eight-headed hydra (12)]
  7714 | D:10     | Killed an eight-headed hydra
  7941 | D:10     | Found a hazy altar of Hepliaklqana.
  8096 | D:10     | Reached skill level 11 in Unarmed Combat
  8373 | D:10     | Noticed a frost giant
  8504 | D:11     | Identified the +6 trident of Ashenzari's Wrath {heavy,
                  | Fragile rPois rF++ Dex+2}
  8562 | D:11     | HP: 2/105 [vampire mosquito (7)]
  9157 | D:11     | Reached XP level 12. HP: 88/115 MP: 16/16
  9196 | D:11     | Found a staircase to the Lair.
  9556 | D:11     | Reached skill level 12 in Unarmed Combat
  9671 | D:13     | Identified the "Kyomikhej"
  9671 | D:13     | Identified the "Zolabrum"
  9671 | D:13     | Identified the "Xugoun"
  9671 | D:15     | Identified the "Byth"
  9671 | Lair:1   | Entered Level 1 of the Lair of Beasts
 10703 | Lair:2   | Found a staircase to the Shoals.
 10856 | Lair:2   | Reached skill level 5 in Throwing
 10996 | Lair:2   | Noticed Nergalle
 10998 | Lair:2   | HP: 3/115 [komodo dragon (24)]
 10998 | Lair:2   | Slain by a wolf

Illustrated notes

Levels and vault maps discovered:
D:1:      minmay_arrival_stair_chambers, layout_rooms
D:2:      layout_rooms, basic_altar, hellmonk_ecumenical_altar_dog_temple,
          patterned_corridor, uniq_natasha, uniq_robin
D:3:      layout_loops_ring, nicolae_overflow_hidden_temple
D:4:      layout_basic, kennysheep_generic_room_2, uniq_blork_the_orc
D:5:      layout_loops_cross, lemuel_mausoleum_altar_kikubaaqudgha,
          nicolae_overflow_crystal_walls, serial_shops, shop_statue,
          nicolae_shop_trees, nicolae_shop_real_fake_doors, shop,
          nicolae_shop_stone, dk_rats_in_the_wall, uniq_duvessa
D:6:      black_bear_nest_2, layout_cave_pods, jmf_multi_god_temple2,
          minmay_temple_entry_tees, uniq_eustachio
D:7:      layout_basic, overflow_temple_1_default, enter_bailey_3, serial_shops,
          nicolae_take_the_stairs, monkooky_shop_mail_order
D:8:      layout_basic, nicolae_gozag_cash_rules_everything_around_me
D:9:      layout_cave_pods, marbit_many_paths, serial_shops,
          nicolae_shop_hallway_plus, uniq_psyche, uniq_harold, uniq_erolcha
D:10:     layout_loops_ring, nicolae_hepliaklqana_hazy_memory, minivault_13
D:11:     layout_irregular_city, erik_lair_dragon, grunt_ministairs_11,
          serial_bayou_ford_a
Temple:   nicolae_temple_ecumenical_triangle
Lair:1:   layout_cave_shapes
Lair:2:   layout_chaotic_city, minmay_shoals_entry_beasts,
          ebering_ghost_reflecting_pool, grunt_megastairs_4, uniq_urug,
          uniq_nergalle

Skill      XL: |  1  2  3  4  5  6  7  8  9 10 11 12 |
---------------+-------------------------------------+-----
Fighting       | 1 2 3 4 5 6 |  6.7
Unarmed Combat | 4 5 6 7 9 10 11 12 | 12.8
Dodging        | 2 3 4 5 6 |  6.6
Shapeshifting  | 4 5 6 7 8 |  8.7
Evocations     | 1 2 |  2.2
Stealth        | 1 |  1.8
Throwing       | 2 3 5 |  5.0
Spellcasting   | 1 2 3 4 |  4.3
Armour         | 1 2 |  2.1

Action                     |  1- 3 |  4- 6 |  7- 9 | 10-12 || total
---------------------------+-------+-------+-------+-------++-------
  Melee: Unarmed           |    72 |   142 |   296 |   442 ||   952
         Punch             |     2 |     4 |    15 |    25 ||    46
  Throw: Stone             |       |       |    63 |     9 ||    72
         Boomerang         |       |       |       |    48 ||    48
  Evoke: Wand              |       |    14 |     5 |     5 ||    24
    Use: Scroll            |       |       |    19 |     8 ||    27
         Potion            |       |       |       |     5 ||     5
   Stab: Sleeping          |       |       |     3 |     1 ||     4
 Armour: Animal skin       |    33 |   100 |     6 |       ||   139
         Robe              |       |       |   124 |   247 ||   371
         Steam dragon scal |       |       |    32 |    38 ||    70
         Troll leather arm |       |       |       |    45 ||    45
  Dodge: Dodged            |    39 |    64 |   177 |   366 ||   646
         Form:             |       |       |       |     1 ||     1
         Beast             |       |       |       |     1 ||     1
         Flux              |       |       |       |     1 ||     1

Table legend: (Time is in decaauts)
 A = Elapsed time spent in this place.
 B = Non-inter-level travel time spent in this place.
 C = Inter-level travel time spent in this place.
 D = Time resting spent in this place.
 E = Time spent auto-exploring this place.
 F = Levels seen in this place.
 G = Mean time per level.
                   A        B        C        D        E       F      G
               +--------+--------+--------+--------+--------+-----+--------+
         Total |  10852 |  10322 |    530 |      0 |   7796 |  15 |  723.5 |
       Dungeon |   9241 |   8752 |    489 |      0 |   6619 |  11 |  840.1 |
        Temple |     13 |     13 |      0 |      0 |      0 |   1 |   13.0 |
          Lair |   1302 |   1261 |     41 |      0 |   1024 |   2 |  651.0 |
        Bailey |    294 |    294 |      0 |      0 |    153 |   1 |  294.0 |
               +--------+--------+--------+--------+--------+-----+--------+

Top non-repeatable levels by time:
    D:11: 1237 daAuts
     D:6: 1141 daAuts
     D:5: 1046 daAuts
     D:9: 1003 daAuts
  Lair:1: 969 daAuts
    D:10: 931 daAuts
     D:4: 802 daAuts
     D:7: 758 daAuts
     D:3: 694 daAuts
     D:2: 615 daAuts
     D:8: 573 daAuts
     D:1: 438 daAuts
  Lair:2: 333 daAuts
  Bailey: 294 daAuts
  Temple: 13 daAuts
